 Dungeon Crawl Stone Soup version 0.32-a0-42-ga30500b (webtiles) character file.

Game seed: 5370791235642210131

6190 Dorkslayer the Covert (level 10, 0/66 HPs)
             Began as an Octopode Shapeshifter on Jan 27, 2024.
             Was a Believer of Dithmenos.
             Slain by a komodo dragon (12 damage)
             ... while petrified by a basilisk
             ... on level 8 of the Dungeon.
             The game lasted 00:28:09 (7309 turns).

Dorkslayer the Covert (Octopode Shapeshifter)       Turns: 7309, Time: 00:28:10

Health: 0/66       AC:  1    Str: 18    XL:     10   Next: 91%
Magic:  10/10      EV:  2    Int: 19    God:    Dithmenos [**....]
Gold:   254        SH:  0    Dex: 17    Spells: 9/9 levels left

rFire   . . .        m - +2 mace (distort)
rCold   . . .        a - +3 buckler
rNeg    + + +        (helmet currently unavailable)
rPois   ∞            i - amulet of reflection
rElec   .            d - ring of see invisible
rCorr   +            h - +5 ring of evasion
SInv    +            u - ring of resist corrosion
Will    .....        o - +6 ring of intelligence
Stlth   +++++++      g - +6 ring of dexterity
HPRegen 0.31/turn    D - ring of poison resistance
MPRegen 0.12/turn    (no ring)
                     (no ring)

%: reflection
@: beast-form, petrified, wreathed by umbra
A: beast (slay +3), almost no armour, amphibious, 8 rings, camouflage 2,
gelatinous body 1, (nimble swimmer 1), tentacles
a: Begin Untransformation, Renounce Religion, Shadow Step


You were on level 8 of the Dungeon.
You worshipped Dithmenos.
Dithmenos was pleased with you.
You were a hulking beast.
You visited 2 branches of the dungeon, and saw 9 of its levels.
You also visited: Sewer and Bailey.

You collected 468 gold pieces.
You spent 214 gold pieces at shops.

Inventory:

Hand Weapons
 m - a +2 mace of distortion (weapon)
 r - a +0 flail
 t - a +2 hand axe of flaming
 x - a +0 war axe of venom
 F - a +3 hand axe of electrocution
 H - the +3 great sword of Wusel {drain, Fly rElec rF+ Will+}
   (You found it in a bailey)

   rF+:       It protects you from fire.
   rElec:     It insulates you from electricity.
   Will+:     It increases your willpower.
   Fly:       It grants you flight.
Missiles
 f - 2 curare-tipped darts (quivered)
 w - 9 boomerangs
 C - 5 javelins
Armour
 a - a +3 buckler (worn)
Jewellery
 d - a ring of see invisible (left tentacle)
 g - a +6 ring of dexterity (on tentacle)
 h - a +5 ring of evasion (right tentacle)
 i - an amulet of reflection (around mantle)
 o - a +6 ring of intelligence (on tentacle)
 u - a ring of resist corrosion (on tentacle)
 D - a ring of poison resistance (on tentacle)
Talismans
 b - a beast talisman
 c - a flux talisman
 p - a blade talisman
Wands
 B - a wand of polymorph (6)
Scrolls
 k - 2 scrolls of fear
 l - 2 scrolls of enchant armour
 q - a scroll of amnesia
 s - a scroll of vulnerability {unknown}
 v - 4 scrolls of teleportation
 y - a scroll of fog
 E - 2 scrolls of enchant weapon
Potions
 e - 3 potions of magic
 j - a potion of heal wounds
 n - 2 potions of haste {unknown}
 z - 4 potions of curing
 A - a potion of berserk rage {unknown}
 G - a potion of mutation
 I - 2 potions of ambrosia {unknown}


   Skills:
 + Level 5.3 Fighting
 + Level 6.2 Maces & Flails
 + Level 1.4 Throwing
 + Level 5.4 Dodging
 + Level 8.1 Stealth
 + Level 5.5 Shields
 * Level 7.3 Unarmed Combat
 * Level 5.5 Evocations
 * Level 5.3 Shapeshifting


You had 9 spell levels left.
You didn't know any spells.
Your spell library contained the following spells:

 Spells                   Type           Power      Damage    Failure   Level
 Shock                    Conj/Air       0%         1d3       26%         1
 Slow                     Hex            0%         N/A       26%         1
 Confusing Touch          Hex            0%         N/A       58%         3
 Dazzling Flash           Conj/Hex       0%         N/A       58%         3
 Sigil of Binding         Hex            0%         N/A       58%         3
 Swiftness                Air            0%         N/A       58%         3
 Vampiric Draining        Necr           0%         2d6       58%         3
 Volatile Blastmotes      Fire/Tloc      0%         2d10      58%         3
 Airstrike                Air            0%         2d(0-16)  94%         4
 Starburst                Conj/Fire      0%         6d3       100%        6
 Haunt                    Necr/Summ      0%         N/A       100%        7
 Borgnjor's Revivificati  Necr           0%         N/A       100%        8
 Maxwell's Capacitive Co  Air            0%         ∞         100%        8
 Death's Door             Necr           0%         N/A       100%        9


Dungeon Overview and Level Annotations

Branches:
Dungeon (8/15)             Temple (1/1) D:7            Lair (0/5) D:8
  Sewer (visited)          Bailey (visited)

Altars:
Ashenzari
Cheibriados
Dithmenos
Elyvilon
Fedhas
Hepliaklqana
Kikubaaqudgha
Makhleb
Nemelex Xobeh
Okawaru
Qazlal
Ru
Sif Muna
Trog
Vehumet
Wu Jian
Xom
Yredelemnul
Zin
The Shining One

Shops:
D:3 ?

Annotations:
Abyss:1 Pikel


Innate Abilities, Weirdness & Mutations

You are a hulking beast.
Your limbs bulge with bestial killing power. (Slay +3)
You are immune to poison.
You cannot wear most types of armour.
You are amphibious.
You can wear up to eight rings at the same time.
Your skin blends seamlessly with your surroundings (Stealth++).
Your rubbery body absorbs attacks. (AC +1, EV +1)
((You are camouflaged when in or above water. (Stealth+)))
You have tentacles for arms and can constrict up to eight enemies at once.


Message History

The komodo dragon hisses angrily.
The komodo dragon is lightly wounded.
The basilisk gazes at you. You resist with some effort.
You hit the komodo dragon but do no damage.
Space warps horribly around the komodo dragon!
The komodo dragon is heavily wounded.
You hit the komodo dragon but do no damage.
Space warps around the komodo dragon.
The komodo dragon is severely wounded.
The komodo dragon barely misses you.
You barely miss the komodo dragon.
The komodo dragon is severely wounded.
The basilisk looks more healthy.
The komodo dragon completely misses you.
You closely miss the basilisk. Your grab misses the basilisk.
The basilisk is moderately wounded.
The basilisk gazes at you.
You are slowing down.
You barely miss the basilisk. You grab the basilisk.
The basilisk is moderately wounded.
You constrict the basilisk. The komodo dragon bites you!!
You block the basilisk's attack.
Your limbs are stiffening.
You sock the basilisk!
Space warps around the basilisk.
The basilisk is almost dead.
You constrict the basilisk.
You kill the basilisk!
Dithmenos accepts your kill. You block the komodo dragon's attack.
You have turned to stone.
The komodo dragon bites you! The komodo dragon bites you!!
The komodo dragon looks more healthy.
The komodo dragon is no longer moving slowly.
The komodo dragon bites you!! The komodo dragon bites you!
* * * LOW HITPOINT WARNING * * *
The komodo dragon bites you.
* * * LOW HITPOINT WARNING * * *
The komodo dragon bites you!!
You die...

### # ##### ### ##.#### #
#.((.##.###.....# ####
#...##........####..†
#.lh.............###
#.#†.............###
#.#..###......(...... #:[.###
#...#.##...... #.#.
###.#####.#.##. # ( #.>##
###..## ## #################
#.###.#.#.......#
##############..##...##......#


You could see a komodo dragon.

Vanquished Creatures
  The ghost of cpf86 the Skirmisher, a novice SpHu of Hepliaklqana (D:5)
  A gargoyle (Bailey)
  2 yaks (D:8)
  3 wyverns
  A basilisk (D:8)
  2 water moccasins
  A swamp drake (D:6)
  2 black bears
  A sky beast (D:8)
  An orc warrior (D:7)
  2 ogres
  A crocodile (Sewer)
  A centaur (D:8)
  A phantom (D:5)
  4 kobold brigands
  4 bullfrogs
  3 scorpions
  7 vampire bats (Bailey)
  4 wolf zombies (Bailey)
  2 howler monkeys
  2 quasits (D:5)
  Crazy Yiuf (D:5)
  2 bombardier beetles (D:6)
  4 orc priests
  A jelly (D:5)
  2 sleepcaps (D:6)
  Jessica (D:2)
  3 gnoll boudas
  3 iguanas
  16 orc wizards
  9 adders
  6 gnolls
  2 river rats (Sewer)
  A white imp (D:8)
  2 ufetubi (D:6)
  2 dart slugs
  2 ribbon worms
  32 orcs
  12 ball pythons
  8 bats
  10 endoplasms
  6 giant cockroaches
  9 goblins
  4 hobgoblins
  2 jackals (D:4)
  20 kobolds
  2 quokkas (D:1)
  A frilled lizard (D:3)
  16 orc zombies (Bailey)
  12 rats
237 creatures vanquished.

Notes
Turn   | Place    | Note
-------+----------+-------------------------------------------
     0 | D:1      | Dorkslayer the Octopode Shapeshifter began the quest for
                  | the Orb.
     0 | D:1      | Reached XP level 1. HP: 13/13 MP: 1/1
   111 | D:1      | Reached XP level 2. HP: 18/18 MP: 2/2
   247 | D:1      | Found a faded altar of an unknown god.
   353 | D:1      | Reached XP level 3. HP: 23/23 MP: 3/3
   471 | D:1      | Reached skill level 1 in Stealth
   683 | D:2      | Reached XP level 4. HP: 28/28 MP: 4/4
   698 | D:2      | Reached skill level 2 in Stealth
   960 | D:2      | Noticed Jessica
   967 | D:2      | Killed Jessica
  1009 | D:3      | Found a glowing drain.
  1015 | Sewer    | Entered a sewer
  1018 | Sewer    | Noticed a kobold brigand
  1038 | Sewer    | Killed a kobold brigand
  1039 | Sewer    | Reached skill level 3 in Stealth
  1039 | Sewer    | Reached skill level 1 in Shields
  1039 | Sewer    | Reached XP level 5. HP: 31/33 MP: 5/5
  1244 | Sewer    | Reached XP level 6. HP: 39/39 MP: 6/6
  1334 | Sewer    | Reached skill level 4 in Stealth
  1490 | D:3      | Found Lefah's Magic Scroll Shop.
  1507 | D:3      | Bought a scroll of identify for 22 gold pieces
  1507 | D:3      | Bought a scroll of fear for 44 gold pieces
  1507 | D:3      | Bought a scroll of identify for 22 gold pieces
  1753 | D:3      | Reached XP level 7. HP: 34/45 MP: 7/7
  2045 | D:3      | Reached skill level 5 in Unarmed Combat
  2576 | D:4      | Reached skill level 5 in Stealth
  2923 | D:5      | Entered Level 5 of the Dungeon
  3160 | D:5      | Found a transporter.
  3186 | D:5      | Reached XP level 8. HP: 52/52 MP: 8/8
  3235 | D:5      | Noticed cpf86's ghost (novice SpHu)
  3253 | D:5      | Found a transporter.
  3322 | D:5      | Found a glowing golden altar of the Shining One.
  3341 | D:5      | Found a runed translucent door.
  3342 | D:5      | Noticed Crazy Yiuf
  3349 | D:5      | Killed Crazy Yiuf
  3459 | D:5      | Reached skill level 6 in Stealth
  3749 | D:3      | Bought a scroll of identify for 22 gold pieces
  3749 | D:3      | Bought a scroll of identify for 22 gold pieces
  3749 | D:3      | Bought a scroll of enchant weapon for 82 gold pieces
  3753 | D:3      | Gained mutation: You sometimes lose your temper in combat.
                  | [potion of mutation]
  3753 | D:3      | Gained mutation: You occasionally lose the ability to drink
                  | potions when taking damage. [potion of mutation]
  3753 | D:3      | Gained mutation: You are somewhat resistant to further
                  | mutation. [potion of mutation]
  3754 | D:3      | Lost mutation: You sometimes lose your temper in combat.
                  | [potion of mutation]
  3754 | D:3      | Lost mutation: You are somewhat resistant to further
                  | mutation. [potion of mutation]
  3754 | D:3      | Lost mutation: You occasionally lose the ability to drink
                  | potions when taking damage. [potion of mutation]
  3754 | D:3      | Gained mutation: You have very sharp teeth. [potion of
                  | mutation]
  3754 | D:3      | Lost mutation: You have very sharp teeth. [potion of
                  | mutation]
  3754 | D:3      | Gained mutation: Your skin blends seamlessly with your
                  | surroundings (Stealth++). [potion of mutation]
  4173 | D:6      | Reached skill level 1 in Evocations
  4349 | D:6      | Reached skill level 1 in Maces & Flails
  4890 | D:6      | Reached XP level 9. HP: 52/58 MP: 9/9
  5376 | D:5      | Killed cpf86's ghost
  5897 | D:7      | Found a staircase to the Ecumenical Temple.
  5906 | Temple   | Entered the Ecumenical Temple
  5945 | Temple   | Became a worshipper of Dithmenos the Shadowed
  6054 | D:7      | Reached skill level 1 in Throwing
  6293 | D:8      | Reached skill level 5 in Dodging
  6296 | D:8      | Found a flagged portal.
  6326 | D:8      | Noticed Pikel
  6337 | D:8      | Banished Pikel
  6338 | D:8      | Reached skill level 5 in Maces & Flails
  6338 | D:8      | Reached skill level 7 in Stealth
  6338 | D:8      | Reached skill level 5 in Shields
  6338 | D:8      | Reached XP level 10. HP: 44/65 MP: 10/10
  6350 | Bailey   | Entered a bailey
  6461 | Bailey   | Reached skill level 5 in Fighting
  6572 | Bailey   | Reached * piety under Dithmenos
  6644 | Bailey   | Identified the +0 robe of Daffodils {Will+ Archmagi}
  6662 | Bailey   | Noticed a gargoyle
  6683 | Bailey   | Killed a gargoyle
  6700 | Bailey   | Reached skill level 5 in Evocations
  6700 | Bailey   | Reached skill level 5 in Shapeshifting
  6707 | Bailey   | Identified the +3 great sword of Wusel {drain, Fly rElec
                  | rF+ Will+}
  6785 | Bailey   | Identified the +1 robe "Zepis" {rPois SInv}
  6890 | D:8      | Reached skill level 8 in Stealth
  7031 | D:8      | Found an iron altar of Okawaru.
  7253 | D:8      | Reached ** piety under Dithmenos
  7268 | D:8      | Found a staircase to the Lair.
  7309 | D:8      | Slain by a komodo dragon

Illustrated notes

Levels and vault maps discovered:
D:1:      dpeg_arrival_fog, layout_loops_ring,
          hellmonk_ecumenical_altar_pennies_from_heaven, moated_statue,
          serial_park_tiny_1
D:2:      layout_rooms, uniq_jessica
D:3:      layout_basic, serial_shops, shop_scrolls,
          mainiacjoe_sewer_entry_somewhere_in_here_1
D:4:      layout_basic
D:5:      layout_rooms, tso_oasis_becter, gammafunk_ghost_stat_death,
          uniq_crazy_yiuf_cottage
D:6:      kennysheep_big_flooded_room, layout_basic
D:7:      layout_loops_ring, minmay_temple_entry_junction
D:8:      layout_rooms, kennysheep_okawaru_gauntlet, erik_lair_dragon,
          enter_bailey_2, st_stairs_13, uniq_pikel
Temple:   mainiacjoe_temple_bowtie_tessellation

Skill      XL: |  1  2  3  4  5  6  7  8  9 10 |
---------------+-------------------------------+-----
Stealth        | 1 3 4 5 6 7 8 |  8.1
Unarmed Combat | 4 5 6 7 |  7.3
Shields        | 1 2 3 4 5 |  5.5
Fighting       | 2 3 4 5 |  5.3
Dodging        | 3 4 5 |  5.4
Evocations     | 2 4 5 |  5.5
Maces & Flails | 2 5 6 |  6.2
Shapeshifting  | 4 5 |  5.3
Throwing       | 1 |  1.4

Action                     |  1- 3 |  4- 6 |  7- 9 | 10-12 || total
---------------------------+-------+-------+-------+-------++-------
  Melee: Unarmed           |    52 |    99 |   112 |       ||   263
         Constrict         |    11 |    24 |    63 |    31 ||   129
         Tentacles         |     3 |    14 |    62 |    30 ||   109
         Punch             |     1 |     3 |    17 |     4 ||    25
         Mace              |       |       |   123 |   116 ||   239
  Throw: Dart              |       |     3 |     6 |     7 ||    16
         Javelin           |       |       |     6 |       ||     6
  Evoke: Wand              |       |       |     2 |       ||     2
    Use: Scroll            |       |     7 |     9 |       ||    16
         Potion            |       |     1 |     6 |     1 ||     8
   Stab: Sleeping          |     9 |    11 |    14 |    11 ||    45
         Invisible         |       |       |     2 |       ||     2
         Distracted        |       |       |     1 |       ||     1
 Armour: Skin              |    19 |    15 |    58 |    26 ||   118
  Dodge: Dodged            |    25 |    57 |   119 |    56 ||   257
  Block: Buckler           |       |    22 |   140 |    62 ||   224
         Reflection        |       |       |     7 |     1 ||     8

Table legend: (Time is in decaauts)
 A = Elapsed time spent in this place.
 B = Non-inter-level travel time spent in this place.
 C = Inter-level travel time spent in this place.
 D = Time resting spent in this place.
 E = Time spent auto-exploring this place.
 F = Levels seen in this place.
 G = Mean time per level.
                   A        B        C        D        E       F      G
               +--------+--------+--------+--------+--------+-----+--------+
         Total |   7355 |   7281 |     74 |    195 |   3357 |  11 |  668.6 |
       Dungeon |   6441 |   6367 |     74 |    157 |   3201 |   8 |  805.1 |
        Temple |     74 |     74 |      0 |      0 |      0 |   1 |   74.0 |
         Sewer |    370 |    370 |      0 |     38 |     92 |   1 |  370.0 |
        Bailey |    469 |    469 |      0 |      0 |     64 |   1 |  469.0 |
               +--------+--------+--------+--------+--------+-----+--------+

Top non-repeatable levels by time:
     D:6: 1506 daAuts
     D:3: 911 daAuts
     D:5: 892 daAuts
     D:4: 799 daAuts
     D:7: 753 daAuts
     D:1: 657 daAuts
     D:8: 585 daAuts
  Bailey: 469 daAuts
   Sewer: 370 daAuts
     D:2: 335 daAuts
  Temple: 74 daAuts
